Map: Ascension to Aiur LE

Players

HeltEn

  • Race: Terran Terran
  • Spawn Location: 5:00

Harstem - Winner!

  • Race: Protoss Protoss
  • Spawn Location: 11:00

Event: WCS Jonkoping 2017

VOD

Have the link to the VOD?

Description

Time

  • Played on: June 17, 2017, 10:55 a.m.
  • Length: 6:49

All games in this series

Show
View Real Time Build Order
Export as new Build Order

HeltEn Terran 

Build Orders: 1/1/1, Cyclone Opening 

Get SALT Encoding   

  12  0:00  SCV  
  13  0:13  SCV  
  14  0:17  Supply Depot  
  14  0:25  SCV  
  15  0:31  Refinery  
  15  0:39  SCV  
  16  0:45  Barracks  
  16  0:51  SCV  
  17  0:58  Refinery  
  17  1:03  SCV  
  18  1:15  SCV  
  19  1:33  Factory  
  19  1:36  Orbital Command  
  19  1:41  Marine  
  20  1:59  Barracks Reactor  
  20  2:03  SCV, Supply Depot  
  21  2:17  Starport  
  21  2:25  Cyclone  
  25  2:33  Supply Depot  
  25  2:35  Marine  
  25  2:36  Marine  
  26  2:38  SCV  
  27  2:53  Marine  
  27  2:54  Marine  
  27  2:55  Medivac  
  31  3:00  Cyclone  
  31  3:03  SCV  
  35  3:11  Supply Depot  
  35  3:12  Marine  
  35  3:18  SCV  
  37  3:25  Liberator  
  37  3:33  Factory Tech Lab  
  37  3:35  Marine  
  37  3:36  Marine  
  40  3:47  SCV, Supply Depot  
  42  3:53  Marine  
  43  4:00  Marine  
  44  4:10  SCV  
  44  4:11  Liberator, Marine  
  46  4:22  SCV  
  47  4:24  Siege Tank  
  47  4:25  Supply Depot  
  53  4:31  Marine  
  53  4:34  SCV  
  55  4:46  SCV  
  56  5:00  Liberator  
  56  5:05  Siege Tank  
  59  5:07  SCV  
  60  5:19  SCV  
  61  5:26  Marine x2  
  63  5:31  SCV  
  64  5:44  Siege Tank  
  66  5:55  Marine x2  
  68  5:58  SCV  
  68  6:01  Supply Depot  
  62  6:27  Marine  
  62  6:28  Marine  
Show
View Real Time Build Order
Export as new Build Order

Harstem Protoss - Winner!

Build Orders: 1 Gate Expand 

Get SALT Encoding   

  12  0:01  Probe (Chrono Boost)  
  13  0:12  Probe (Chrono Boost)  
  14  0:17  Pylon  
  14  0:22  Probe (Chrono Boost)  
  16  0:35  Probe (Chrono Boost)  
  16  0:37  Gateway  
  16  0:46  Probe (Chrono Boost)  
  16  0:47  Assimilator  
  17  0:56  Probe (Chrono Boost)  
  18  1:07  Probe (Chrono Boost)  
  19  1:18  Probe (Chrono Boost)  
  20  1:23  Nexus  
  20  1:32  Cybernetics Core  
  20  1:35  Probe (Chrono Boost)  
  21  1:42  Assimilator  
  21  1:46  Probe (Chrono Boost)  
  22  1:50  Pylon  
  22  1:57  Probe (Chrono Boost)  
  24  2:10  Mothership Core (Chrono Boost)  
  24  2:14  Warp Gate (Chrono Boost)  
  25  2:22  Stalker (Chrono Boost)  
  27  2:28  Probe (Chrono Boost)  
  28  2:33  Probe (Chrono Boost)  
  29  2:40  Probe  
  30  2:44  Probe  
  30  2:45  Robotics Facility  
  31  2:52  Probe  
  31  2:54  Probe  
  31  2:55  Stalker (Chrono Boost)  
  35  3:04  Probe, Pylon  
  35  3:05  Probe  
  37  3:16  Probe x2 (Chrono Boost)  
  37  3:17  Gateway  
  39  3:26  Probe (Chrono Boost)  
  39  3:27  Probe, Gateway  
  39  3:33  Observer (Chrono Boost)  
  41  3:36  Probe  
  41  3:39  Pylon, Probe  
  43  3:47  Probe  
  43  3:49  Pylon  
  43  3:51  Pylon  
  43  3:52  Pylon  
  44  4:07  Probe, Immortal (Chrono Boost)  
  44  4:08  Probe  
  49  4:16  Stalker x2  
  51  4:23  Twilight Council  
  52  4:29  Stalker  
  53  4:32  Pylon  
  53  4:34  Gateway  
  53  4:38  Gateway  
  53  4:44  Immortal (Chrono Boost)  
  57  4:52  Stalker  
  59  4:53  Probe  
  59  4:59  Stalker  
  62  5:00  Stalker  
  63  5:15  Stalker  
  63  5:17  Probe  
  66  5:24  Assimilator  
  66  5:26  Warp Prism (Chrono Boost)  
  66  5:27  Zealot x2  
  72  5:28  Assimilator  
  72  5:32  Adept  
  72  5:34  Adept  
  76  5:41  Adept  
  77  5:48  Pylon  
  77  5:49  Adept  
  79  5:50  Adept  
  81  5:57  Adept x2  
  85  6:20  Pylon  
  85  6:23  Pylon x2  
  79  6:42  Stalker x5  
Tags
 
Add a new tag
Caveats
  • Supply blocks, unpowered buildings, or Contaminate may cause inaccurate times.
  • Supply counts are checked every 10 seconds.